 Dungeon Sprint DCSS version 0.24.0-125-gc4c63601f3 (webtiles) character file.

Game seed: 5705855241753707637, levelgen mode: deterministic

701 Ponchio the Eclecticist (level 11, 29/54 HPs)
             Began as a Deep Elf Fire Elementalist on Mar 4, 2020.
             Was the Champion of Vehumet.
             Got out of the dungeon alive.
             The game lasted 00:28:38 (1508 turns).

Ponchio the Eclecticist (DEFE)                      Turns: 1508, Time: 00:28:38

Health: 29/54      AC:  7    Str:  5    XL:     11   Next: 42%
Magic:  13/45      EV: 14    Int: 27    God:    Vehumet [******]
Gold:   17         SH:  0    Dex: 15    Spells: 33/48 levels left

rFire    . . .     SeeInvis +   (no weapon)
rCold    . . .     Gourm    .   (no shield)
rNeg     . . .     Faith    .   a - +0 robe
rPois    .         Spirit   .   (no helmet)
rElec    .         Reflect  .   (no cloak)
rCorr    .         Harm     .   (no gloves)
MR       +....     NoTele   +   (no boots)
Stlth    ++........             (no amulet)
HPRegen  0.18/turn              n - ring of the Cockroach {+Fly AC+5 SInv}
MPRegen  0.29/turn              o - ring "Bafafumi" {MP+9 Int+3}

@: very slightly contaminated, starving
A: no striking features
}: 1/15 runes: serpentine
a: Renounce Religion, Evoke Flight


You escaped.
You worshipped Vehumet.
Vehumet was exalted by your worship.
You were starving.

You visited 1 branch You collected 1260 gold pieces.
You spent 1243 gold pieces at shops.

Inventory:

Hand Weapons
 p - a +1 dagger of freezing
Armour
 a - a +0 robe (worn)
Jewellery
 m - the amulet "Pegaj" {Reflect -Tele Int+3 Dex+3 SH+5}
   (You bought it in a shop in the Dungeon)

   [amulet of reflection]

   It shields you and reflects attacks.
   It affects your intelligence (+3).
   It affects your dexterity (+3).
   It prevents most forms of teleportation.
   It affects your SH (+5).
 n - the ring of the Cockroach (left hand) {+Fly AC+5 SInv}
   (You bought it in a shop in the Dungeon)

   [ring of protection]

   It affects your AC (+5).
   It lets you see invisible.
   It lets you fly.
 o - the ring "Bafafumi" (right hand) {MP+9 Int+3}
   (You bought it in a shop in the Dungeon)

   [ring of magical power]

   It affects your intelligence (+3).
   It affects your magic capacity (+9).
Scrolls
 i - 2 scrolls of blinking
 l - 3 scrolls of fog
Potions
 b - 2 potions of resistance
 d - a potion of curing
 e - 2 potions of heal wounds
 g - 5 potions of magic
 h - a potion of berserk rage


   Skills:
 - Level 3.6 Dodging
 - Level 3.4 Stealth
 + Level 19.0 Spellcasting
 + Level 16.0 Conjurations
 + Level 16.9 Fire Magic


You had 33 spell levels left.
You knew the following spells:

 Your Spells              Type           Power        Failure   Level  Hunger
a - Flame Tongue          Conj/Fire      #####        0%          1    None
b - Fireball              Conj/Fire      #######...   1%          5    None
c - Fire Storm            Conj/Fire      #######...   43%         9    #######

Your spell library contained the following spells:

 Spells                   Type           Power        Failure   Level  Hunger
 Ozocubu's Refrigeration  Ice            ####......   52%         6    ##.....
 Throw Flame              Conj/Fire      ######       0%          2    None
 Conjure Flame            Conj/Fire      #######.     0%          3    None
 Sticky Flame             Conj/Fire      #######.     0%          4    None
 Inner Flame              Hex/Fire       ######..     1%          3    None
 Poison Arrow             Conj/Pois      ######....   2%          6    ##.....
 Chain Lightning          Conj/Air       ######....   67%         8    ######.
 Lehudib's Crystal Spear  Conj/Erth      ######....   67%         8    ######.
 Glaciate                 Conj/Ice       ######....   100%        9    #######


Dungeon Overview and Level Annotations

Branches:
Dungeon (1/1)

Altars:
Cheibriados
Dithmenos
Fedhas
Gozag
Kikubaaqudgha
Makhleb
Okawaru
Qazlal
Ru
Sif Muna
Trog
Uskayaw
Vehumet
Wu Jian
Xom
Yredelemnul
Zin
The Shining One
Beogh
Jiyva
Lugonu

Shops:
D *[%??*?*:[((!!!!


Message History

Press: ? - help, Dir - move target cursor, f - earth elemental
Aim: an earth elemental A raging storm of fire appears!
The great blast of fire engulfs the earth elemental!!
The earth elemental partially resists.
The earth elemental is moderately damaged.
You are starving!
The earth elemental completely misses your fire vortex.
You don't have the energy to cast that spell.
Okay, then.
Your fire vortex hits the earth elemental.
Your fire vortex dissipates! 15...
Your fire vortex hits the earth elemental.
Your fire vortex dissipates!
The iron imp hits you!
There is a staircase leading out of the dungeon, spattered with blood here.
Are you sure you want to leave the Dungeon?
This will make you lose the game! 10...
You have escaped!

#_...(....# ###.....÷...###
#⌠....[).....⌠#
######.8)........8.######
##∩___..[...###....[.___∩##
###∩........8.# #.8........∩###
##............[###.............##
#⌠..........###)..###..........⌠#
#[..........# #.@.# #...)......⌠#
#⌠..........###5..###E.........⌠#
##.............###.).v.........##
###∩........8.# #.8........∩###
##∩___......###.v....___∩##
######.8v......vv8.######
#⌠...........⌠# ###.........###
#_......._#


You could see an iron imp and 4 friendly fire vortices.

Vanquished Creatures
  An eidolon (D)
  A naga warrior (D)
  A hydra (D)
  A ghost crab (D)
  An alligator (D)
  A swamp dragon (D)
  A phantasmal warrior (D)
  Pikel (D)
  2 rust devils (D)
  A gargoyle (D)
  A bog body (D)
  6 wraiths (D)
  Sigmund (D)
  A yak (D)
  A water moccasin (D)
  A porcupine (D)
  An ice beast (D)
  3 phantoms (D)
  A big kobold (D)
  4 earth elementals (D)
  A wight (D)
  2 howler monkeys (D)
  A hound (D)
  An iguana (D)
  Ijyb (D)
  A hell rat (D)
  An adder zombie (D)
  2 bat skeletons (D)
  2 hobgoblins (D)
  A goblin (D)
  A leopard gecko zombie (D)
  A quokka zombie (D)
46 creatures vanquished.

Vanquished Creatures (others)
  9 fire vortices (D)
9 creatures vanquished.

Grand Total: 55 creatures vanquished

Notes
Turn   | Place    | Note
-------+----------+-------------------------------------------
     0 | D        | Ponchio the Deep Elf Fire Elementalist began the quest for
                  | the Orb.
     0 | D        | Reached XP level 1. HP: 10/10 MP: 6/6
     4 | D        | Found a burning altar of Makhleb.
     4 | D        | Found a basalt altar of Yredelemnul.
     5 | D        | Found a shadowy altar of Dithmenos.
     5 | D        | Found a shimmering blue altar of Sif Muna.
     5 | D        | Round 1.
     6 | D        | Found a corrupted altar of Lugonu.
     6 | D        | Found an iron altar of Okawaru.
     7 | D        | Found Hacozeh's Do-It-Yourself Clinic.
     7 | D        | Found an ornate altar of the Wu Jian Council.
     7 | D        | Found an opulent altar of Gozag.
     7 | D        | Found Lyosheg's Distillery.
     8 | D        | Found Cori Amitu's Bottled Wisdom.
     8 | D        | Found Pivejen's Distillery.
    23 | D        | Found Kicweom's Weapon Rack.
    24 | D        | Found a glowing golden altar of the Shining One.
    24 | D        | Found a glowing silver altar of Zin.
    24 | D        | Found a sacrificial altar of Ru.
    24 | D        | Found Antiowut's Premium Goods.
    24 | D        | Found Piohy's Basic Armour.
    24 | D        | Found Tarch's Miscellaneous Merchandise.
    38 | D        | Found a snail-covered altar of Cheibriados.
    38 | D        | Noticed a howler monkey
    40 | D        | Found a radiant altar of Vehumet.
    40 | D        | Found a shimmering altar of Xom.
    43 | D        | Found Zetoq's Identification Station.
    43 | D        | Found Sysaseih's Advanced Armour.
    44 | D        | Found Likk's Jewellery.
    47 | D        | Became a worshipper of Vehumet
    48 | D        | Found a roughly hewn altar of Beogh.
    48 | D        | Found an ancient bone altar of Kikubaaqudgha.
    48 | D        | Found a stormy altar of Qazlal.
    48 | D        | Found Tiagg's Delicious Food.
    52 | D        | Killed a howler monkey
    52 | D        | Reached skill level 4 in Spellcasting
    52 | D        | Reached XP level 2. HP: 8/15 MP: 2/9
    52 | D        | Reached XP level 3. HP: 10/19 MP: 2/11
    52 | D        | Noticed a phantom
    63 | D        | Killed a phantom
    63 | D        | Reached skill level 7 in Spellcasting
    63 | D        | Reached XP level 4. HP: 2/24 MP: 5/15
    78 | D        | Bought a transparent ruby amulet for 45 gold pieces
    78 | D        | Bought a glittering tin ring for 45 gold pieces
    78 | D        | Bought a sparkling lapis lazuli ring for 45 gold pieces
    78 | D        | Identified the amulet "Pegaj" {Reflect -Tele Int+3 Dex+3
                  | SH+5} (You bought it in a shop in the Dungeon)
    79 | D        | Identified the ring of the Cockroach {+Fly AC+5 SInv} (You
                  | bought it in a shop in the Dungeon)
    80 | D        | Identified the ring "Bafafumi" {MP+9 Int+3} (You bought it
                  | in a shop in the Dungeon)
   132 | D        | Noticed Sigmund
   145 | D        | Killed Sigmund
   145 | D        | Reached * piety under Vehumet
   145 | D        | Offered knowledge of Magic Dart by Vehumet.
   145 | D        | Reached skill level 9 in Spellcasting
   145 | D        | Reached XP level 5. HP: 17/28 MP: 11/18
   145 | D        | Reached XP level 6. HP: 19/32 MP: 11/20
   154 | D        | Arena points: 12 (+12) [x2]
   164 | D        | Learned a level 5 spell: Fireball
   169 | D        | Found a hide-covered altar of Uskayaw.
   171 | D        | Found a viscous altar of Jiyva.
   172 | D        | Found a bloodstained altar of Trog.
   173 | D        | Found Xogriuvo's Magic Scroll Shop.
   174 | D        | Found Vauhut's Magic Scroll Shop.
   174 | D        | Found Juas's Must-Have Magic.
   175 | D        | Found a blossoming altar of Fedhas.
   175 | D        | Found Jarok's Staff Store.
   225 | D        | Round 2.
   303 | D        | Offered knowledge of Freeze by Vehumet.
   303 | D        | Reached ** piety under Vehumet
   351 | D        | Noticed Ijyb
   363 | D        | Killed Ijyb
   363 | D        | Reached skill level 10 in Spellcasting
   367 | D        | Reached skill level 10 in Fire Magic
   371 | D        | Noticed Pikel
   375 | D        | Killed Pikel
   375 | D        | Reached *** piety under Vehumet
   375 | D        | Arena points: 54 (+42) [x3]
   375 | D        | Reached skill level 12 in Spellcasting
   375 | D        | Reached XP level 7. HP: 28/36 MP: 17/24
   425 | D        | Round 3.
   436 | D        | Reached skill level 10 in Conjurations
   479 | D        | Offered knowledge of Dazzling Spray by Vehumet.
   490 | D        | Reached **** piety under Vehumet
   490 | D        | Reached XP level 8. HP: 41/41 MP: 14/26
   507 | D        | Arena points: 138 (+84) [x4]
   581 | D        | Round 4.
   598 | D        | Reached skill level 13 in Spellcasting
   599 | D        | Noticed an eight-headed hydra
   605 | D        | Killed an eight-headed hydra
   605 | D        | Reached skill level 14 in Spellcasting
   690 | D        | Offered knowledge of Fulminant Prism by Vehumet.
   690 | D        | Reached ***** piety under Vehumet
   731 | D        | Reached XP level 9. HP: 45/45 MP: 29/29
   732 | D        | Arena points: 158 (+20) [x1]
   747 | D        | Round 5.
   764 | D        | Noticed a naga warlord
   773 | D        | Killed a naga warlord
   773 | D        | Arena points: 278 (+120) [x3]
   773 | D        | Reached skill level 15 in Spellcasting
   776 | D        | Got a serpentine rune of Zot
   777 | D        | Reached skill level 16 in Spellcasting
   777 | D        | Reached XP level 10. HP: 43/50 MP: 12/32
   782 | D        | Got a warped hunting sling
   783 | D        | Identified the +9 hunting sling of the Special Hells
                  | {flame, rPois rC- Str+4 SInv} (You found it in the Dungeon)
   955 | D        | Round 6.
   965 | D        | Offered knowledge of Olgreb's Toxic Radiance by Vehumet.
  1019 | D        | Noticed a phantasmal warrior
  1024 | D        | Killed a phantasmal warrior
  1024 | D        | Reached skill level 15 in Fire Magic
  1047 | D        | Noticed an eidolon
  1053 | D        | Killed an eidolon
  1053 | D        | Reached ****** piety under Vehumet
  1053 | D        | Arena points: 470 (+192) [x4]
  1053 | D        | Reached skill level 17 in Spellcasting
  1117 | D        | Round 7.
  1125 | D        | Noticed an alligator
  1125 | D        | Noticed a ghost crab
  1126 | D        | Noticed a swamp dragon
  1128 | D        | Killed an alligator
  1128 | D        | Offered knowledge of Lee's Rapid Deconstruction by Vehumet.
  1128 | D        | Reached XP level 11. HP: 54/54 MP: 14/34
  1128 | D        | Killed a swamp dragon
  1128 | D        | Reached skill level 18 in Spellcasting
  1128 | D        | Reached skill level 15 in Conjurations
  1135 | D        | Killed a ghost crab
  1161 | D        | Noticed an eight-headed hydra
  1176 | D        | Arena points: 645 (+175) [x5]
  1190 | D        | Bought a book of Annihilations for 772 gold pieces
  1191 | D        | Round 8.
  1200 | D        | Learned a level 9 spell: Fire Storm
  1308 | D        | Offered knowledge of Ozocubu's Refrigeration by Vehumet.
  1317 | D        | Arena points: 701 (+56) [x1]
  1332 | D        | Round 9.
  1405 | D        | Bought 6 potions of magic for 336 gold pieces
  1427 | D        | Reached skill level 19 in Spellcasting
  1508 | D        | Got out of the dungeon alive.

Levels and vault maps discovered:
D:        arena_sprint

Skill      XL: |  1  2  3  4  5  6  7  8  9 10 11 |
---------------+----------------------------------+-----
Dodging        | 3 |  3.6
Stealth        | 3 |  3.4
Spellcasting   | 4 7 9 12 14 16 17 19 | 19.0
Fire Magic     | 6 7 9 11 13 14 15 16 | 16.9
Conjurations   | 4 6 9 10 12 13 14 16 | 16.0

Action                   |  1- 3 |  4- 6 |  7- 9 | 10-12 || total
-------------------------+-------+-------+-------+-------++-------
 Cast: Flame Tongue      |    12 |    33 |    13 |    12 ||    70
       Fireball          |       |     5 |    21 |    26 ||    52
       Fire Storm        |       |       |       |     9 ||     9
Evoke: Wand              |       |       |       |    10 ||    10
  Use: Potion            |     1 |     6 |     1 |     2 ||    10
       Scroll            |       |       |       |     2 ||     2
  Eat: Ration            |       |       |       |     1 ||     1
       Chunk             |       |       |       |     2 ||     2
Armor: Robe              |     1 |     3 |     1 |     2 ||     7
Dodge: Dodged            |     3 |    14 |     2 |     3 ||    22
Block: Other             |       |     5 |       |     1 ||     6
